 Dungeon Crawl Stone Soup version 0.27-a0-965-gbf8bb431c4 (webtiles) character file.

Game seed: 7040087123488090459

22712 Anon1729 the Thaumaturge (level 13, -36/93 HPs)
             Began as a Djinni Earth Elementalist on Apr 12, 2021.
             Was an Elder of Makhleb.
             Annihilated by an enormous slime creature (58 damage)
             ... on level 12 of the Dungeon.
             The game lasted 00:47:20 (14821 turns).

Anon1729 the Thaumaturge (DjEE)                    Turns: 14821, Time: 00:47:21

Health: -36/93     AC:  8    Str:  7    XL:     13   Next: 2%
Gold:   856        EV: 16    Int: 27    God:    Makhleb [****..] SH:  0 Dex: 12

rFire    + + .     SeeInvis .   y - +2 short sword (protect)
rCold    x . .     Faith    .   (no shield)
rNeg     . . .     Spirit   .   c - +0 robe
rPois    ∞         Reflect  .   (no helmet)
rElec    +         Harm     .   f - +0 cloak
rCorr    +         Rampage  .   x - +0 pair of gloves
Will     +....                  (boots unavailable)
Stlth    +++.......             Q - amulet of regeneration
HPRegen  1.25/turn              N - +4 ring of protection
MPRegen  0.00/turn              V - ring "Ymeaniuf" {rElec rPois rCorr Int+5 Dex-2}

@: flying, very slightly contaminated
A: fire resistance 2, cold vulnerability 1, float, innate caster, hp casting,
extra vitality 1
a: Renounce Religion, Minor Destruction, Lesser Servant of Makhleb, Major
Destruction


You were on level 12 of the Dungeon.
You worshipped Makhleb.
Makhleb was greatly pleased with you.
You visited 2 branches of the dungeon, and saw 14 of its levels.

You collected 856 gold pieces.

Inventory:

Hand Weapons
 u - a +2 dagger of distortion
 y - a +2 short sword of protection (weapon)
Missiles
 b - 456 stones
 r - 7 atropa-tipped darts
 R - 9 curare-tipped darts
Armour
 c - a +0 robe (worn)
 f - a +0 cloak (worn)
 x - a +0 pair of gloves (worn)
Magical Staves
 K - a staff of death
Jewellery
 a - an amulet of faith
 B - a ring of protection from fire
 I - a +6 ring of dexterity
 N - a +4 ring of protection (left hand)
 O - a ring of magical power
 Q - an amulet of regeneration (around neck)
 V - the ring "Ymeaniuf" (right hand) {rElec rPois rCorr Int+5 Dex-2}
   (You found it on level 11 of the Dungeon)

   [ring of poison resistance]

   It affects your intelligence (+5).
   It affects your dexterity (-2).
   It insulates you from electricity.
   It protects you from poison.
   It protects you from acid and corrosion.
Wands
 d - a wand of iceblast (5)
 j - a wand of paralysis (8)
 o - a wand of digging (6)
 D - a wand of mindburst (3)
 M - a wand of flame (50)
 S - a wand of acid (2)
Scrolls
 e - 3 scrolls of enchant armour
 h - 3 scrolls of fear
 k - 2 scrolls of blinking {unknown}
 l - 3 scrolls of summoning
 m - a scroll of acquirement {unknown}
 p - 2 scrolls of amnesia
 q - a scroll of vulnerability {unknown}
 v - 2 scrolls of magic mapping {unknown}
 w - 4 scrolls of enchant weapon {unknown}
 z - 3 scrolls of teleportation {unknown}
 G - 3 scrolls of fog {unknown}
 J - 2 scrolls of noise
 P - 3 scrolls of immolation {unknown}
 T - 4 scrolls of torment {unknown}
 U - 5 scrolls of identify
Potions
 i - 6 potions of curing
 n - 3 potions of magic {unknown}
 s - 4 potions of heal wounds {unknown}
 t - 4 potions of brilliance {unknown}
 A - a potion of cancellation {unknown}
 C - a potion of lignification {unknown}
 F - 3 potions of might {unknown}
 H - 3 potions of attraction {unknown}
 L - a potion of flight {unknown}
 W - a potion of degeneration {unknown}
 Y - a potion of resistance {unknown}
 Z - a potion of haste
Miscellaneous
 X - a piece from Xom's chessboard (15/15)


   Skills:
 + Level 8.4 Fighting
 - Level 4.0 Short Blades
 + Level 10.4 Dodging
 + Level 6.3 Stealth
 * Level 11.3 Spellcasting
 + Level 8.1 Invocations


You had 2 spell levels left.
You knew the following spells:

 Your Spells              Type           Power      Damage    Failure   Level
a - Sandblast             Erth           100%       2d20      1%          1
b - Passwall              Tmut/Erth      55%        N/A       1%          2
c - Stone Arrow           Conj/Erth      100%       3d13      1%          3
d - Petrify               Tmut/Erth      67%        N/A       1%          4
e - Lee's Rapid Deconstr  Erth           33%        3d18*     1%          5
f - Apportation           Tloc           100%       N/A       1%          1
g - Wereblood             Tmut           67%        N/A       1%          2
h - Call Imp              Summ           67%        N/A       1%          2
i - Lesser Beckoning      Tloc           33%        N/A       1%          3
j - Dispel Undead         Necr           67%        3d23      1%          4
k - Borgnjor's Vile Clut  Necr/Erth      33%        N/A       1%          5
Your spell library was empty.

Dungeon Overview and Level Annotations

Branches:
Dungeon (13/15)            Temple (1/1) D:4            Lair (0/6) D:11
    Orc (0/2) D:12
 Vaults: D:13-14

Altars:
Ashenzari
Cheibriados
Dithmenos
Elyvilon
Fedhas
Gozag
Hepliaklqana
Kikubaaqudgha
Makhleb
Nemelex Xobeh
Okawaru
Qazlal
Ru
Sif Muna
Trog
Uskayaw
Vehumet
Wu Jian
Xom
Yredelemnul
Zin
The Shining One

Annotations:
D:9 exclusion: hydra


Innate Abilities, Weirdness & Mutations

You are immune to poison.
Your flesh is very heat resistant. (rF++)
You are vulnerable to cold. (rC-)
You float through the air rather than walking.
You learn spells naturally, not from books.
Your magical power is your life essence.
You have superior vitality. (+4 HP)


Message History

Nothing appears to happen.
Casting: Lee's Rapid Deconstruction (dangerous; 1% risk of failure)
Confirm with . or Enter, or press ? or * to list all spells.
Aiming: Lee's Rapid Deconstruction (dangerous; 1% risk of failure)
Press: ? - help, Dir - move target, f/p - enormous slime creature Fragment what (e.g. wall or brittle monster)?: an enormous slime creature (severely wounded, petrified)
The enormous slime creature shatters!!
The enormous slime creature is almost dead.
* * * LOW HITPOINT WARNING * * *
The enormous slime creature is no longer petrified.
Casting: Lee's Rapid Deconstruction (dangerous; 1% risk of failure)
Confirm with . or Enter, or press ? or * to list all spells.
Aiming: Petrify (safe; 1% risk of failure)
Press: ? - help, Shift-Dir - straight line, f/p - enormous slime creature
Aim: an enormous slime creature (almost dead, chance to affect: 64%)
The enormous slime creature struggles to resist.
* * * LOW HITPOINT WARNING * * *
Okay, then.
Casting: Petrify (safe; 1% risk of failure)
Confirm with . or Enter, or press ? or * to list all spells.
You can't see any susceptible monsters within range! (Use Z to cast anyway.) Unknown command.
Press: ? - help, v - describe, . - travel
Here: an enormous slime creature (almost dead)
The floor.
Casting: Petrify (safe; 1% risk of failure)
Confirm with . or Enter, or press ? or * to list all spells.
Aiming: Lee's Rapid Deconstruction (dangerous; 1% risk of failure)
Press: ? - help, Dir - move target, p - enormous slime creature A stone wall.
The wall shatters!
The blast of rock fragments hits the enormous slime creature!
The enormous slime creature is almost dead.
* * * LOW HITPOINT WARNING * * *
As you read the scroll of fear, it crumbles to dust.
You assume a fearsome visage.
The enormous slime creature resists with some effort.
The enormous slime creature hits you!!!
Ouch! That really hurt!
You die...

####...#....##
##.#
##.##....#....#
##.
#.............#
##
##.##..#.....##
# ####......###
###...###
##>#...#
#...J.##
##..@## #...##
##..#.##
#......#
##.##.## ######


You could see an enormous slime creature.

Vanquished Creatures
  Snorg (D:13)
  A catoblepas (D:13)
  2 two-headed ogres
  A tengu warrior (D:13)
  Sonja (D:11)
  2 skeletal warriors (D:13)
  A deep elf pyromancer (D:12)
  An ugly thing (D:13)
  2 cyclopes
  A black mamba (shapeshifter) (D:13)
  2 gargoyles
  An unseen horror (D:13)
  3 kobold demonologists (D:13)
  2 komodo dragons
  7 trolls
  A meliai zombie (D:11)
  12 slime creatures
  A wraith (D:11)
  A wyvern (D:9)
  A shadow (D:11)
  30 yaks
  A vampire (D:8)
  4 vampire mosquitoes (D:13)
  An acid dragon (D:11)
  An ice beast (D:8)
  2 sky beasts
  An orc warrior (D:12)
  2 wolves (D:11)
  A necrophage (D:6)
  3 centaurs
  3 kobold brigands
  Blork the orc (D:6)
  3 bullfrogs
  A wyvern zombie (D:8)
  3 scorpions
  A water moccasin skeleton (D:5)
  11 killer bees
  7 electric eels
  3 wights (D:9)
  3 howler monkeys
  4 centaur zombies
  2 orc priests
  8 hounds
  A jelly (D:4)
  A bullfrog skeleton (D:7)
  2 gnoll shamans
  2 iguanas
  6 orc wizards
  A hound skeleton (D:5)
  2 howler monkey zombies (D:9)
  10 gnolls
  A howler monkey skeleton (D:7)
  7 adders
  A white imp (D:6)
  2 ufetubi (D:4)
  2 adder skeletons
  2 worms
  A dart slug (D:1)
  16 orcs
  3 ball pythons (D:4)
  3 bats
  4 endoplasms
  2 giant cockroaches
  13 goblins
  4 hobgoblins
  7 jackals
  7 kobolds
  3 quokkas
  5 frilled lizards
  4 rats
252 creatures vanquished.

Vanquished Creatures (collateral kills)
  Eustachio (D:6)
1 creature vanquished.

Vanquished Creatures (others)
  7 plants
7 creatures vanquished.

Grand Total: 260 creatures vanquished

Notes
Turn   | Place    | Note
-------+----------+-------------------------------------------
     0 | D:1      | Anon1729 the Djinni Earth Elementalist began the quest for
                  | the Orb.
     0 | D:1      | Reached XP level 1. HP: 15/15 MP: 0/0
   344 | D:1      | Reached XP level 2. HP: 18/21 MP: 0/0
   603 | D:1      | Reached skill level 3 in Spellcasting
  1286 | D:2      | You are sucked into a shaft and drop 2 floors!
  1303 | D:4      | Reached XP level 3. HP: 21/25 MP: 0/0
  1303 | D:4      | Learned a level 1 spell: Apportation
  1465 | D:4      | Reached XP level 4. HP: 18/31 MP: 0/0
  1654 | D:4      | Noticed a scorpion
  1661 | D:4      | Killed a scorpion
  1662 | D:4      | Reached XP level 5. HP: 33/35 MP: 0/0
  1662 | D:4      | Learned a level 2 spell: Wereblood
  1696 | D:4      | Reached skill level 4 in Spellcasting
  1908 | D:4      | Found an ornate altar of the Wu Jian Council.
  1956 | D:4      | Noticed an orc warrior
  2015 | D:3      | Found an iron altar of Okawaru.
  2026 | D:3      | Found a blossoming altar of Fedhas.
  2468 | D:3      | Reached XP level 6. HP: 29/40 MP: 0/0
  4672 | D:4      | Found a staircase to the Ecumenical Temple.
  4682 | Temple   | Entered the Ecumenical Temple
  5426 | D:5      | Entered Level 5 of the Dungeon
  5741 | D:5      | Reached XP level 7. HP: 33/45 MP: 0/0
  5741 | D:5      | Learned a level 2 spell: Call Imp
  6020 | D:5      | Found a snail-covered altar of Cheibriados.
  6247 | D:5      | Reached skill level 5 in Spellcasting
  6345 | D:5      | Found a hazy altar of Hepliaklqana.
  6562 | D:6      | Noticed Eustachio
  6874 | D:6      | Killed Eustachio
  7159 | D:6      | Reached skill level 5 in Dodging
  7241 | D:6      | Reached skill level 1 in Fighting
  7241 | D:6      | Reached XP level 8. HP: 39/52 MP: 0/0
  7318 | D:6      | Noticed Blork the orc
  7323 | D:6      | Killed Blork the orc
  7415 | D:6      | Reached skill level 6 in Spellcasting
  7726 | D:6      | Found a burning altar of Makhleb.
  7735 | D:6      | Became a worshipper of Makhleb the Destroyer
  8325 | D:7      | Reached skill level 1 in Invocations
  8783 | D:7      | Found a broken altar of Ashenzari.
  9537 | D:8      | Reached XP level 9. HP: 48/61 MP: 0/0
  9537 | D:8      | Learned a level 3 spell: Lesser Beckoning
  9752 | D:8      | Reached skill level 7 in Spellcasting
  9769 | D:8      | Reached * piety under Makhleb
 10467 | D:8      | Reached skill level 8 in Spellcasting
 10766 | D:9      | Reached skill level 5 in Fighting
 10766 | D:9      | Reached XP level 10. HP: 64/70 MP: 0/0
 11209 | D:9      | Noticed a cyclops
 11526 | D:9      | Killed a cyclops
 11527 | D:9      | Reached skill level 1 in Short Blades
 11617 | D:9      | Noticed a seven-headed hydra
 11851 | D:10     | Entered Level 10 of the Dungeon
 11865 | D:10     | You are sucked into a shaft and drop 1 floor!
 11894 | D:11     | Noticed Sonja
 11898 | D:11     | Killed Sonja
 11899 | D:11     | Reached skill level 5 in Invocations
 11930 | D:11     | Reached skill level 9 in Spellcasting
 11966 | D:11     | Reached ** piety under Makhleb
 12000 | D:11     | Found a staircase to the Lair.
 12122 | D:11     | Reached XP level 11. HP: 59/76 MP: 0/0
 12122 | D:11     | Learned a level 4 spell: Dispel Undead
 12152 | D:11     | Noticed a two-headed ogre
 12157 | D:11     | Killed a two-headed ogre
 12178 | D:11     | Identified the ring "Ymeaniuf" {rElec rPois rCorr Int+5
                  | Dex-2}
 12878 | D:10     | Reached *** piety under Makhleb
 12941 | D:10     | Found an opulent altar of Gozag.
 13365 | D:12     | Reached skill level 10 in Spellcasting
 13365 | D:12     | Noticed a deep elf pyromancer
 13372 | D:12     | Killed a deep elf pyromancer
 13433 | D:12     | Found a staircase to the Orcish Mines.
 13537 | D:12     | Reached skill level 5 in Stealth
 13550 | D:12     | Reached XP level 12. HP: 85/85 MP: 0/0
 14141 | D:13     | Noticed a catoblepas
 14147 | D:13     | Killed a catoblepas
 14250 | D:13     | Noticed a death knight
 14419 | D:13     | Noticed a two-headed ogre
 14426 | D:13     | Killed a two-headed ogre
 14476 | D:13     | Reached skill level 10 in Dodging
 14525 | D:13     | Noticed a tengu warrior
 14578 | D:13     | Reached skill level 11 in Spellcasting
 14610 | D:13     | Reached **** piety under Makhleb
 14631 | D:13     | Killed a tengu warrior
 14691 | D:13     | Noticed Snorg
 14698 | D:13     | Killed Snorg
 14801 | D:12     | Reached XP level 13. HP: 59/93 MP: 0/0
 14801 | D:12     | Learned a level 5 spell: Borgnjor's Vile Clutch
 14821 | D:12     | Annihilated by an enormous slime creature

Illustrated notes

Levels and vault maps discovered:
D:1:      dpeg_arrival_water_fire, layout_basic, chequers_serial_rivers_marsh,
          solitary_fountain
D:2:      kennysheep_the_goblin_king, layout_basic
D:3:      cheibrodos_helix_gallery, layout_basic,
          nicolae_overflow_hidden_temple, fedhas_ov_isle_minmay,
          guppyfry_early_lair_pool
D:4:      layout_rooms, kennysheep_little_box,
          minmay_temple_entry_statues_pillars, guppyfry_early_orc_mine
D:5:      layout_basic, old_standard_altar, general_overflow_altar
D:6:      layout_cave_pods, makhleb_blood_cavern_becter, uniq_blork_the_orc,
          uniq_eustachio
D:7:      layout_basic, overflow_temple_1_default
D:8:      layout_cave_pools, nzn_life_drinkers
D:9:      layout_loops_ring, minmay_between
D:10:     layout_roguey, led_sif_pool, old_standard_altar,
          nicolae_gozag_seed_capital, serial_bayou_lagoon_b
D:11:     layout_loops_ring, erik_lair_island, uniq_sonja
D:12:     layout_cross, orc_0_dummy
D:13:     layout_rooms, uniq_snorg
Temple:   minmay_temple_forest_path

Skill      XL: |  1  2  3  4  5  6  7  8  9 10 11 12 |
---------------+-------------------------------------+-----
Spellcasting   | 3 4 5 6 8 9 10 11 | 11.3
Stealth        | 2 3 4 5 6 |  6.3
Dodging        | 3 4 5 6 7 8 9 10 | 10.4
Fighting       | 1 3 5 6 7 8 |  8.4
Invocations    | 2 4 5 6 8 |  8.1
Short Blades   | 2 4 |  4.0

Action                   |  1- 3 |  4- 6 |  7- 9 | 10-12 | 13-15 || total
-------------------------+-------+-------+-------+-------+-------++-------
Melee: Club              |    11 |       |       |       |       ||    11
       Dagger            |    39 |    17 |     1 |       |       ||    57
       Short sword       |       |       |     1 |    23 |       ||    24
 Cast: Sandblast         |    21 |    17 |    19 |    21 |       ||    78
       Stone Arrow       |       |    60 |   112 |   173 |       ||   345
       Petrify           |       |     3 |     2 |    24 |     2 ||    31
       Lee's Rapid Decon |       |     1 |     3 |    79 |    10 ||    93
       Call Imp          |       |       |     3 |       |       ||     3
Evoke: Wand              |       |       |     6 |     1 |       ||     7
  Use: Scroll            |       |       |     6 |       |     1 ||     7
       Potion            |       |       |     2 |       |       ||     2
 Stab: Sleeping          |     1 |     1 |       |       |       ||     2
       Petrified         |       |     3 |       |    17 |       ||    20
       Petrifying        |       |       |     1 |       |       ||     1
Armor: Robe              |    19 |     6 |     6 |    19 |       ||    50
Dodge: Dodged            |    52 |    14 |    39 |    60 |       ||   165

Table legend: (Time is in decaauts)
 A = Elapsed time spent in this place.
 B = Non-inter-level travel time spent in this place.
 C = Inter-level travel time spent in this place.
 D = Time resting spent in this place.
 E = Time spent auto-exploring this place.
 F = Levels seen in this place.
 G = Mean time per level.
                   A        B        C        D        E       F      G
               +--------+--------+--------+--------+--------+-----+--------+
         Total |  14835 |  14127 |    708 |   3196 |   8906 |  14 | 1059.6 |
       Dungeon |  14370 |  13688 |    682 |   3196 |   8467 |  13 | 1105.4 |
        Temple |    465 |    439 |     26 |      0 |    439 |   1 |  465.0 |
               +--------+--------+--------+--------+--------+-----+--------+

Top non-repeatable levels by time:
     D:3: 1715 daAuts
     D:8: 1433 daAuts
     D:7: 1358 daAuts
     D:6: 1267 daAuts
     D:5: 1256 daAuts
     D:2: 1197 daAuts
     D:4: 1148 daAuts
     D:9: 1106 daAuts
    D:12: 945 daAuts
     D:1: 906 daAuts
    D:11: 796 daAuts
    D:10: 748 daAuts
    D:13: 489 daAuts
  Temple: 465 daAuts
